 Dungeon Crawl Stone Soup version 0.16-a0-3600-gfc4db81 (webtiles) character file.

8383 Minkie the Grappler (level 11, -1/77 HPs)
             Began as a Purple Draconian Transmuter on Jan 11, 2015.
             Was a High Priest of Okawaru.
             Slain by a cyclops (26 damage)
             ... on level 11 of the Dungeon on Jan 12, 2015.
             The game lasted 01:12:04 (16178 turns).

Minkie the Grappler (Purple Draconian Transmuter)  Turns: 16178, Time: 01:12:04

Health: -1/77      AC: 10    Str: 13    XL:     11   Next: 9%
Magic:  25/25      EV: 14    Int: 20    God:    Okawaru [*****.]
Gold:   279        SH:  0    Dex: 12    Spells: 6 memorised, 1 level left

rFire  . . .     SeeInvis .     X - melded +0 dagger of the Pits of Slime {drain, +Fly rElec rPois HP+5} (curse)
rCold  . . .     Clarity  .     (armour unavailable)
rNeg   . . .     SustAb   .     (shield currently unavailable)
rPois  .         Gourm    .     (helmet restricted)
rElec  .         Spirit   .     H - +2 cloak
rCorr  +         Warding  .     V - melded +2 pair of gloves
rMut   .         Stasis   .     (no boots)
MR     +....                    g - amulet of resist corrosion
Stlth  ++........               I - ring of stealth
                                T - +4 ring of intelligence

@: blade hands (expiring), somewhat resistant to hostile enchantments,
unstealthy
A: breathe power, unfitting armour, cold-blooded, placid magic 1, AC +7
a: Breathe Dispelling Energy, End Transformation, Heroism, Finesse, Renounce
Religion


You were on level 11 of the Dungeon.
You worshipped Okawaru.
Okawaru was extremely pleased with you.
You were not hungry.
You had blades for hands.
You visited 3 branches of the dungeon, and saw 13 of its levels.
You also visited: Sewer.

You collected 604 gold pieces.
You spent 325 gold pieces at shops.

Inventory:

Hand weapons
 X - the cursed +0 dagger of the Pits of Slime (melded) {drain, +Fly rElec rPois HP+5}
   (You found it on level 9 of the Dungeon)

   A truly terrible weapon, it drains the life of those it strikes.
   It insulates you from electricity.
   It protects you from poison.
   It affects your health (+5).
   It lets you fly.
   It has a curse placed upon it.
Missiles
 p - 3 javelins (quivered)
Armour
 C - the +1 hat of Morality {*Tele rCorr Stlth++}
   (You found it on level 5 of the Dungeon)

   It causes random teleportation.
   It protects you from acid and corrosion.
   It makes you much more stealthy.
 H - a +2 cloak (worn)
 V - a +2 pair of gloves (melded)
Jewellery
 g - an amulet of resist corrosion (around neck)
 I - a ring of stealth (right scythe-like blade)
 T - a +4 ring of intelligence (left scythe-like blade)
Magical devices
 R - a wand of paralysis (9)
 U - a wand of digging (24)
Scrolls
 f - a scroll of blinking
 q - 7 scrolls of teleportation
 r - 3 scrolls of identify
 P - 7 scrolls of remove curse
Potions
 c - 5 potions of agility
 e - 7 potions of curing
 j - 2 potions of haste
 m - a potion of cancellation
 s - 2 potions of resistance
 v - a potion of heal wounds
 w - 2 potions of restore abilities
 A - a potion of ambrosia
 D - a potion of might
Comestibles
 a - 8 chunks of flesh
 x - 7 meat rations
 L - 7 bread rations
 M - 5 fruits
 Q - 7 slices of pizza
 S - 2 beef jerkies


   Skills:
 - Level 1.1 Fighting
 + Level 5.3 Dodging
 - Level 12.0 Unarmed Combat
 - Level 6.1 Spellcasting
 + Level 10.2 Transmutations


You had one spell level left.
You knew the following spells:

 Your Spells              Type           Power        Failure   Level  Hunger
a - Beastly Appendage     Trmt           ####..       4%          1    None
b - Sticks to Snakes      Trmt           ####......   4%          2    None
c - Spider Form           Trmt/Pois      ###.......   19%         3    ##.....
d - Blade Hands           Trmt           ####......   22%         5    #####..
e - Ice Form              Ice/Trmt       ###.....     38%         4    ####...
f - Invisibility          Hex            #.......     100%        6    #######


Dungeon Overview and Level Annotations

Branches:
Dungeon (11/15)            Temple (1/1) D:4            Lair (1/8) D:10
    Orc (0/4) D:10

Altars:
Ashenzari
Cheibriados
Dithmenos
Elyvilon
Fedhas
Gozag
Kikubaaqudgha
Makhleb
Nemelex Xobeh
Okawaru
Qazlal
Ru
Sif Muna
Trog
Vehumet
Xom
Yredelemnul
Zin
The Shining One

Shops:
D:6 [   D:7 ?   D:10 }


Innate Abilities, Weirdness & Mutations

You can breathe bolts of energy.
You can dispel enchantments when you breathe energy.
Your rich purple scales are hard (AC +7).
Your body does not fit into most forms of armour.
Your cold-blooded metabolism reacts poorly to cold.
Your spells are a little easier to cast, but a little less powerful.


Message History

You butcher the sheep corpse.
a - a chunk of flesh
Things that are here:
a sheep skeleton; a sheep corpse You butcher the sheep corpse.
a - 5 chunks of flesh (gained 4)
Things that are here:
a sheep skeleton x2
You see here a sheep corpse.
You butcher the sheep corpse.
a - 8 chunks of flesh (gained 3)
A cyclops comes into view.
Things that are here:
a sheep skeleton x2
The cyclops throws a large rock.
The large rock hits you!!
You see here a large rock.
Your transformation is almost over.
The cyclops hits you!
You hit the cyclops but do no damage. The cyclops hits you!!
You die...

## ####+######...
#....^.......
#.........# ..
#.........#....
#.(.C@..........
#####..#+#(####.##
. #......รท......#
#.###
#........##.#.#
#....
#........(....#
###..
#..!.....#....#
%.....
######......#.# #.
#...########.# #.
#...##.......# ##


You could see a cyclops.

Vanquished Creatures
  Erolcha (D:10)
  A cyclops (D:11)
  Prince Ribbit (D:9)
  2 wyverns
  A hungry ghost (D:7)
  6 humans
  A yak (D:8)
  2 hippogriffs (D:8)
  2 water moccasins
  Menkaure (D:6)
  A warg (D:10)
  4 orc warriors
  An eye of draining (D:10)
  3 phantoms
  3 ice beasts
  2 black bears (D:7)
  3 ogres
  2 crocodiles (D:9)
  Duvessa (D:5)
  3 big kobolds
  4 centaurs
  3 giant frogs
  A gnoll sergeant (D:9)
  A wyvern zombie (D:7)
  A wyvern skeleton (D:8)
  3 scorpions
  3 wights (D:9)
  15 killer bees
  Dowan (D:5)
  3 goliath beetles (D:7)
  2 centaur zombies (D:10)
  7 hounds
  3 iguanas
  5 orc priests
  A crimson imp (D:8)
  2 quasits
  11 worker ants
  A centaur skeleton (D:8)
  2 orc wizards
  6 sheep
  2 hound zombies
  A worker ant zombie (D:8)
  14 adders
  7 gnolls
  3 river rats (Sewer)
  2 shadow imps
  2 giant mites
  A worm (D:3)
  2 adder skeletons
  An adder zombie (D:5)
  7 giant geckos
  28 orcs
  3 ball pythons
  7 giant cockroaches
  21 goblins
  15 hobgoblins
  15 jackals
  28 kobolds
  4 quokkas
  18 bats
  A giant gecko zombie (D:7)
  5 giant newts
  A kobold zombie (D:10)
  A quokka skeleton (D:5)
  A quokka zombie (D:5)
  20 rats
326 creatures vanquished.

Vanquished Creatures (collateral kills)
  A worm (D:3)
1 creature vanquished.

Grand Total: 327 creatures vanquished

Notes
Turn   | Place    | Note
--------------------------------------------------------------
     0 | D:1      | Minkie, the Draconian Transmuter, began the quest for the Orb.
     0 | D:1      | Reached XP level 1. HP: 16/16 MP: 3/3
    93 | D:1      | Reached XP level 2. HP: 23/23 MP: 4/4
  1122 | D:1      | Reached XP level 3. HP: 25/28 MP: 6/6
  1374 | D:2      | Learned a level 2 spell: Sticks to Snakes
  1722 | D:2      | Reached skill level 4 in Unarmed Combat
  2022 | D:2      | Reached XP level 4. HP: 28/35 MP: 7/7
  2806 | D:3      | Found a shattered altar of Ashenzari.
  3598 | D:3      | Reached XP level 5. HP: 35/40 MP: 9/9
  3607 | D:3      | Reached skill level 5 in Unarmed Combat
  4749 | D:4      | Reached XP level 6. HP: 31/47 MP: 10/10
  4832 | D:4      | Learned a level 3 spell: Spider Form
  5219 | D:4      | Found a glowing drain.
  5240 | Sewer    | Entered a sewer
  5252 | Sewer    | Reached skill level 6 in Unarmed Combat
  5522 | Sewer    | Found a glowing silver altar of Zin.
  5806 | D:4      | Your scales start taking on a rich purple colour.
  5806 | D:4      | Reached XP level 7. HP: 39/52 MP: 12/12
  5851 | D:4      | Reached skill level 5 in Transmutations
  6116 | D:4      | Found a staircase to the Ecumenical Temple.
  6121 | D:4      | Got a scorched granite ring
  6127 | D:4      | Noticed a phantom
  6129 | Temple   | Entered the Ecumenical Temple
  6131 | Temple   | Identified the ring of Plonnonkit {-Cast rPois Str+3} (You found it on level 4 of the Dungeon)
  6145 | Temple   | Became a worshipper of Warmaster Okawaru
  6243 | D:4      | Killed a phantom
  6533 | D:5      | Entered Level 5 of the Dungeon
  6778 | D:5      | Found a basalt altar of Yredelemnul.
  6805 | D:5      | Reached skill level 7 in Unarmed Combat
  7122 | D:5      | Got a bloodstained hat
  7128 | D:5      | Identified the +1 hat of Morality {*Tele rCorr Stlth++} (You found it on level 5 of the Dungeon)
  7282 | D:5      | Noticed Duvessa
  7284 | D:5      | Noticed Dowan
  7291 | D:5      | Killed Duvessa
  7301 | D:5      | Killed Dowan
  7707 | D:5      | Reached XP level 8. HP: 59/59 MP: 17/17
  7856 | D:6      | Found a white marble altar of Elyvilon.
  7910 | D:6      | Found Koabro's Armour Shoppe.
  7917 | D:6      | Acquired Okawaru's first power
  7957 | D:6      | Bought a +2 cloak for 165 gold pieces
  8141 | D:6      | Found an ancient bone altar of Kikubaaqudgha.
  8143 | D:6      | Found a radiant altar of Vehumet.
  8200 | D:6      | Noticed Menkaure
  8212 | D:6      | Killed Menkaure
  8212 | D:6      | Reached skill level 8 in Unarmed Combat
  8312 | D:6      | Learned a level 5 spell: Blade Hands
  8317 | D:6      | Learned a level 4 spell: Ice Form
  9096 | D:7      | Reached skill level 5 in Spellcasting
  9223 | D:7      | Found a bloodstained altar of Trog.
  9235 | D:7      | Reached skill level 9 in Unarmed Combat
  9533 | D:7      | Found a shimmering altar of Xom.
 10031 | D:7      | Reached XP level 9. HP: 58/64 MP: 18/21
 10260 | D:7      | Found Ocantimn's Magic Scroll Shop.
 10263 | D:7      | Bought a scroll of identify for 32 gold pieces
 10263 | D:7      | Bought a scroll of identify for 32 gold pieces
 10263 | D:7      | Bought a scroll of identify for 32 gold pieces
 10263 | D:7      | Bought a scroll of identify for 32 gold pieces
 10263 | D:7      | Bought a scroll of identify for 32 gold pieces
 10611 | D:8      | Reached skill level 10 in Unarmed Combat
 11395 | D:8      | Reached skill level 11 in Unarmed Combat
 11663 | D:8      | HP: 2/64 [iguana (13)]
 11926 | D:8      | Reached XP level 10. HP: 59/71 MP: 18/24
 13067 | D:9      | Noticed Prince Ribbit
 13092 | D:9      | Killed Prince Ribbit
 13374 | D:9      | Reached skill level 12 in Unarmed Combat
 14220 | D:9      | Got an ebony dagger
 14240 | D:9      | Identified the cursed +0 dagger of the Pits of Slime {drain, +Fly rElec rPois HP+5} (You found it on level 9 of the Dungeon)
 14324 | D:10     | Entered Level 10 of the Dungeon
 14344 | D:10     | Got a scintillating wooden ring
 14349 | D:10     | Identified the ring "Nizxes" {Contam Int+4 Stlth-} (You found it on level 10 of the Dungeon)
 14355 | D:10     | Gained mutation: Your spells are a little easier to cast, but a little less powerful. [mutagenic glow]
 14478 | D:10     | Noticed Erolcha
 14483 | D:10     | Killed Erolcha
 14493 | D:10     | Identified Yteubyfi's Reference Book on Bewitchment (You found it on level 10 of the Dungeon)
 14501 | D:10     | Learned a level 6 spell: Invisibility
 14767 | D:10     | Found a staircase to the Orcish Mines.
 15167 | D:10     | Found a staircase to the Lair.
 15234 | D:10     | Found Numma's Gadget Boutique.
 15448 | D:10     | Reached skill level 10 in Transmutations
 15580 | D:10     | Acquired Okawaru's second power
 15787 | D:10     | Reached XP level 11. HP: 77/77 MP: 21/25
 15815 | D:10     | Reached skill level 5 in Dodging
 16103 | Lair:1   | Entered Level 1 of the Lair of Beasts
 16178 | D:11     | Slain by a cyclops

Action                   |  1- 3 |  4- 6 |  7- 9 | 10-12 || total
-------------------------+-------+-------+-------+-------++-------
Melee: Unarmed           |   156 |   344 |   389 |   243 ||  1132
       Dagger            |       |       |       |     8 ||     8
 Fire: Blowgun           |       |       |    31 |    17 ||    48
 Cast: Beastly Appendage |    10 |    25 |    11 |       ||    46
       Sticks to Snakes  |       |     1 |     5 |       ||     6
       Spider Form       |       |     5 |    28 |     7 ||    40
       Ice Form          |       |       |     9 |     9 ||    18
       Blade Hands       |       |       |     2 |    15 ||    17
 Abil: End Transformatio |       |       |       |     1 ||     1
Evoke: Wand              |       |       |       |     1 ||     1
  Use: Scroll            |       |       |    10 |    13 ||    23
 Stab: Sleeping          |     2 |     2 |    11 |     9 ||    24
       Distracted        |       |       |     1 |     1 ||     2
  Eat: Chunk             |     4 |    13 |    23 |    19 ||    59
       Beef jerky        |       |       |     1 |     1 ||     2
       Pizza             |       |       |     1 |       ||     1
